NYP
STATEN ISLAND YANKEES @ LOWELL SPINNERS
09/04/2048
 
TOP OF THE 1ST
Staten Island Yankees batting - Pitching for Lowell Spinners : RHP Nherbert Silivan
Pitching: RHP Nherbert Silivan
Batting: RHB Norimoto Miyanishi 0-0: Called Strike
0-1: Called Strike
0-2: Ball
1-2: Foul Ball, location: 2F
1-2: Ball
2-2: Ball
3-2: Foul Ball, location: 2F
3-2: Foul Ball, location: 2F
3-2: Foul Ball, location: 2F
3-2: Strikes out swinging
Batting: LHB Dario Segura 0-0: Ball
1-0: Foul Ball, location: 2F
1-1: Ball
2-1: Foul Ball, location: 2F
2-2: Strikes out swinging
Batting: RHB Pat Pemberton 0-0: Called Strike
0-1: Called Strike
0-2: Foul Ball, location: 2F
0-2: Ball
1-2: SINGLE (Line Drive, 6MD, EV 99.4 MPH)
Batting: SHB Tadaaki Kondo 0-0: Foul Ball, location: 2F
0-1: Ball
1-1: Foul Ball, location: 2F
1-2: Foul Ball, location: 2F
1-2: Strikes out swinging
Top of the 1st over - 0 runs, 1 hit, 0 errors, 1 left on base; Staten Island 0 - Lowell 0
BOTTOM OF THE 1ST
Lowell Spinners batting - Pitching for Staten Island Yankees : RHP Francisco Rosado
Pitching: RHP Francisco Rosado
Batting: RHB Aukukero Tairi 0-0: Ball
1-0: Ground out 6-3 (Groundball, 56, EV 91.2 MPH)
Batting: RHB Curt Stallings 0-0: Foul Ball, location: 2F
0-1: Called Strike
0-2: Ball
1-2: Foul Ball, location: 2F
1-2: Fly out, F9 (Flyball, 9D, EV 96.9 MPH)
Batting: SHB Salvador Padilla 0-0: DOUBLE (Flyball, 89XD, EV 115.6 MPH)
Batting: RHB Xavier Joslin 0-0: Swinging Strike
0-1: Ground out 4-3 (Groundball, 4, EV 85.0 MPH)
Bottom of the 1st over - 0 runs, 1 hit, 0 errors, 1 left on base; Staten Island 0 - Lowell 0
TOP OF THE 2ND
Staten Island Yankees batting - Pitching for Lowell Spinners : RHP Nherbert Silivan
Batting: LHB Mike Schermerhorn 0-0: Foul Ball, location: 2F
0-1: Called Strike
0-2: Strikes out swinging
Batting: SHB Adam Slade 0-0: Called Strike
0-1: Called Strike
0-2: Foul Ball, location: 2F
0-2: Ball
1-2: Ball
2-2: Foul Ball, location: 2F
2-2: Strikes out looking
Batting: RHB Edite Leoni 0-0: Called Strike
0-1: Swinging Strike
0-2: DOUBLE (Groundball, 5L, EV 102.5 MPH)
Batting: LHB Danny de Leon 0-0: Foul Ball, location: 2F
0-1: Hit by Pitch
Batting: RHB Jesus Ruiz 0-0: Foul Ball, location: 2F
0-1: Swinging Strike
0-2: Ball
1-2: Ball
2-2: Foul Ball, location: 2F
2-2: Foul Ball, location: 2F
2-2: SINGLE (Groundball, 56D, EV 106.2 MPH)
Edite Leoni to third
Danny de Leon to second
Runner from 3rd tries for Home, SAFE, throw by LF to home
Batting: RHB Norimoto Miyanishi 0-0: Called Strike
0-1: Reached on error, E4 (Groundball, 4S, EV 88.8 MPH)
Danny de Leon to third
Jesus Ruiz to second
Batting: LHB Dario Segura 0-0: Called Strike
0-1: Ball
1-1: Called Strike
1-2: Foul Ball, location: 2F
1-2: DOUBLE (Line Drive, 5D, EV 108.8 MPH)
Danny de Leon scores
Jesus Ruiz scores
Norimoto Miyanishi to third
Runner from 3rd tries for Home, SAFE, throw by LF to home
Batting: RHB Pat Pemberton 0-0: Ball
1-0: Foul Ball, location: 2F
1-1: Swinging Strike
1-2: Ball
2-2: Ground out 5-3 (Groundball, 5S, EV 70.0 MPH)
Top of the 2nd over - 4 runs, 3 hits, 1 error, 1 left on base; Staten Island 4 - Lowell 0
BOTTOM OF THE 2ND
Lowell Spinners batting - Pitching for Staten Island Yankees : RHP Francisco Rosado
Batting: RHB Raul Sanchez 0-0: Ball
1-0: Ball
2-0: Swinging Strike
2-1: Called Strike
2-2: Ground out 5-3 (Groundball, 5, EV 104.4 MPH)
Batting: RHB Willie Camacho 0-0: Swinging Strike
0-1: Ball
1-1: Foul Ball, location: 2F
1-2: SINGLE (Groundball, 6D, EV 101.2 MPH)
Batting: RHB Jose Molina 0-0: Swinging Strike
0-1: Ball
1-1: Fly out, F7 (Flyball, 7LS, EV 81.2 MPH)
Batting: LHB Robert Gonzalez 0-0: SINGLE (Groundball, 13, EV 83.8 MPH) (infield hit)
Willie Camacho to second
Batting: RHB Rogelio Cervantes 0-0: Called Strike
0-1: Called Strike
0-2: Ball
Passed Ball!
Willie Camacho to third
Robert Gonzalez to second
1-2: Ball
2-2: Foul Ball, location: 2F
2-2: Strikes out swinging
Bottom of the 2nd over - 0 runs, 2 hits, 0 errors, 2 left on base; Staten Island 4 - Lowell 0
TOP OF THE 3RD
Staten Island Yankees batting - Pitching for Lowell Spinners : RHP Nherbert Silivan
Batting: SHB Tadaaki Kondo 0-0: Ball
1-0: Swinging Strike
1-1: SINGLE (Line Drive, 4D, EV 110.6 MPH)
Batting: LHB Mike Schermerhorn 0-0: Ball
1-0: Grounds into double play, 5-6-3 (Groundball, 6, EV 81.9 MPH)
Batting: SHB Adam Slade 0-0: Ball
1-0: Ball
2-0: Ground out 5-3 (Groundball, 6, EV 78.1 MPH)
Top of the 3rd over - 0 runs, 1 hit, 0 errors, 0 left on base; Staten Island 4 - Lowell 0
BOTTOM OF THE 3RD
Lowell Spinners batting - Pitching for Staten Island Yankees : RHP Francisco Rosado
Batting: RHB Aukukero Tairi 0-0: Called Strike
0-1: Ball
1-1: Ball
2-1: Foul Ball, location: 2F
2-2: Ball
3-2: Foul Ball, location: 2F
3-2: Ground out 6-3 (Groundball, 6D, EV 84.4 MPH)
Batting: RHB Curt Stallings 0-0: Foul Ball, location: 2F
0-1: Ball
1-1: Called Strike
1-2: Strikes out looking
Batting: SHB Salvador Padilla 0-0: Foul Ball, location: 2F
0-1: Swinging Strike
0-2: Strikes out swinging
Bottom of the 3rd over - 0 runs, 0 hits, 0 errors, 0 left on base; Staten Island 4 - Lowell 0
TOP OF THE 4TH
Staten Island Yankees batting - Pitching for Lowell Spinners : RHP Nherbert Silivan
Batting: RHB Edite Leoni 0-0: Called Strike
0-1: SINGLE (Groundball, 5S, EV 68.8 MPH) (infield hit)
Batting: LHB Danny de Leon 0-0: Called Strike
0-1: Called Strike
0-2: SINGLE (Groundball, 34, EV 86.2 MPH) (infield hit)
Edite Leoni to second
Batting: RHB Jesus Ruiz 0-0: Ball
1-0: Foul Ball, location: 2F
1-1: Ball
2-1: Foul Ball, location: 2F
2-2: Ball
3-2: Foul Ball, location: 2F
3-2: Foul Ball, location: 2F
3-2: 3-RUN HOME RUN (Flyball, 7LD, EV 93.8 MPH), Distance : 347 ft
Pitching: RHP Jose Abanto
Batting: RHB Norimoto Miyanishi 0-0: Foul Ball, location: 2F
0-1: Ball
1-1: Ball
2-1: Ball
3-1: Base on Balls
Batting: LHB Dario Segura 0-0: Ball
1-0: Fly out, F8 (Flyball, 8LXD, EV 103.8 MPH)
Runner from 1st tags up, OUT at 2nd! 8-4
Batting: RHB Pat Pemberton 0-0: Swinging Strike
0-1: Ball
1-1: Foul Ball, location: 2F
1-2: Ball
2-2: Foul Ball, location: 2F
2-2: Strikes out looking
Top of the 4th over - 3 runs, 3 hits, 0 errors, 0 left on base; Staten Island 7 - Lowell 0
BOTTOM OF THE 4TH
Lowell Spinners batting - Pitching for Staten Island Yankees : RHP Francisco Rosado
Batting: RHB Xavier Joslin 0-0: Ball
1-0: Ball
2-0: Ball
3-0: Base on Balls
Batting: RHB Raul Sanchez 0-0: Ball
1-0: Called Strike
1-1: SINGLE (Groundball, 6MD, EV 96.9 MPH)
Xavier Joslin to second
Batting: RHB Willie Camacho 0-0: Ball
1-0: Ball
2-0: Fly out, F2 (Popup, 3SF, EV 81.9 MPH)
Batting: RHB Jose Molina 0-0: Foul Ball, location: 2F
0-1: Called Strike
0-2: Fly out, F7 (Flyball, 7D, EV 103.1 MPH)
Runner from 2nd tags up, SAFE at 3rd, no throw by LF
Batting: LHB Robert Gonzalez 0-0: Called Strike
0-1: Ball
1-1: Ball
Wild Pitch!
Xavier Joslin scores
Raul Sanchez to second
2-1: SINGLE (Line Drive, 34, EV 96.2 MPH)
Raul Sanchez to third
Runner from 3rd tries for Home, throw by RF and OUT! 9-2
Bottom of the 4th over - 1 run, 2 hits, 0 errors, 1 left on base; Staten Island 7 - Lowell 1
TOP OF THE 5TH
Staten Island Yankees batting - Pitching for Lowell Spinners : RHP Jose Abanto
Batting: SHB Tadaaki Kondo 0-0: Ball
1-0: Ball
2-0: Ball
3-0: Base on Balls
Batting: LHB Mike Schermerhorn 0-0: Ball
1-0: Called Strike
1-1: Ball
2-1: Called Strike
2-2: Fly out, F9 (Flyball, 9, EV 85.6 MPH)
Batting: SHB Adam Slade 0-0: Fielders Choice at 2nd, 4-6 (Groundball, 4, EV 82.5 MPH)
Batting: RHB Edite Leoni 0-0: Called Strike
0-1: Called Strike
0-2: Ball
1-2: Strikes out swinging
Top of the 5th over - 0 runs, 0 hits, 0 errors, 1 left on base; Staten Island 7 - Lowell 1
BOTTOM OF THE 5TH
Lowell Spinners batting - Pitching for Staten Island Yankees : RHP Francisco Rosado
Batting: RHB Rogelio Cervantes 0-0: Fly out, F7 (Flyball, 7, EV 86.9 MPH)
Batting: RHB Aukukero Tairi 0-0: Foul Ball, location: 2F
0-1: Foul Ball, location: 2F
0-2: Ball
1-2: Foul Ball, location: 2F
1-2: Foul Ball, location: 2F
1-2: Ball
2-2: Foul Ball, location: 2F
2-2: Foul Ball, location: 2F
2-2: Foul Ball, location: 2F
2-2: Ball
3-2: Base on Balls
Batting: RHB Curt Stallings 0-0: Called Strike
Aukukero Tairi is caught stealing 2nd base 2-4
0-1: Foul Ball, location: 2F
0-2: Ball
1-2: Ball
2-2: Fly out, F4 (Popup, 13, EV 81.9 MPH)
Bottom of the 5th over - 0 runs, 0 hits, 0 errors, 0 left on base; Staten Island 7 - Lowell 1
TOP OF THE 6TH
Staten Island Yankees batting - Pitching for Lowell Spinners : RHP Jose Abanto
Batting: LHB Danny de Leon 0-0: Called Strike
0-1: Ball
1-1: Called Strike
1-2: Strikes out swinging
Batting: RHB Jesus Ruiz 0-0: Foul Ball, location: 2F
0-1: Ball
1-1: Ball
2-1: Foul Ball, location: 2F
2-2: Ball
3-2: Base on Balls
Batting: RHB Norimoto Miyanishi 0-0: SINGLE (Groundball, 56D, EV 98.1 MPH)
Jesus Ruiz to second
Batting: LHB Dario Segura 0-0: Called Strike
0-1: Foul Ball, location: 2F
0-2: Foul Ball, location: 2F
0-2: Ball
1-2: Foul Ball, location: 2F
1-2: Strikes out looking
Batting: RHB Pat Pemberton 0-0: Swinging Strike
0-1: SINGLE (Groundball, 6MD, EV 95.6 MPH)
Jesus Ruiz to third
Norimoto Miyanishi to second
Batting: SHB Tadaaki Kondo 0-0: Called Strike
0-1: Ball
1-1: Called Strike
1-2: Strikes out swinging
Top of the 6th over - 0 runs, 2 hits, 0 errors, 3 left on base; Staten Island 7 - Lowell 1
BOTTOM OF THE 6TH
Lowell Spinners batting - Pitching for Staten Island Yankees : RHP Francisco Rosado
Pitching: LHP Loo Lei
Batting: SHB Salvador Padilla 0-0: Ball
1-0: Fly out, F3 (Popup, 3SF, EV 82.5 MPH)
Batting: RHB Xavier Joslin 0-0: Ball
1-0: Ball
2-0: Called Strike
2-1: Ground out 4-3 (Groundball, 4, EV 80.6 MPH)
Batting: RHB Raul Sanchez 0-0: Ball
1-0: Ball
2-0: Ball
3-0: Base on Balls
Batting: RHB Willie Camacho 0-0: Ball
1-0: Ball
2-0: SINGLE (Line Drive, 34D, EV 95.0 MPH)
Raul Sanchez to second
Batting: RHB Jose Molina 0-0: Ball
1-0: Called Strike
1-1: Swinging Strike
1-2: Ball
2-2: Ball
3-2: Foul Ball, location: 2F
3-2: Foul Ball, location: 2F
3-2: Strikes out swinging
Bottom of the 6th over - 0 runs, 1 hit, 0 errors, 2 left on base; Staten Island 7 - Lowell 1
TOP OF THE 7TH
Staten Island Yankees batting - Pitching for Lowell Spinners : RHP Jose Abanto
Batting: LHB Mike Schermerhorn 0-0: Called Strike
0-1: Foul Ball, location: 2F
0-2: Ball
1-2: Ground out 5-3 (Groundball, 6, EV 109.4 MPH)
Batting: SHB Adam Slade 0-0: Ball
1-0: Ball
2-0: Ground out U3 (Groundball, 34, EV 106.9 MPH)
Batting: RHB Edite Leoni 0-0: Ball
1-0: Called Strike
1-1: SINGLE (Line Drive, 4D, EV 100.6 MPH)
Pitching: LHP Roald van Erkel
Batting: LHB Danny de Leon 0-0: Ball
1-0: Ball
2-0: Ball
3-0: Base on Balls
Edite Leoni to second
Pitching: RHP Mike Goodwin
Batting: RHB Jesus Ruiz 0-0: Hit by Pitch
Edite Leoni to third
Danny de Leon to second
Batting: RHB Norimoto Miyanishi 0-0: Ground out 5-3 (Groundball, 56S, EV 84.4 MPH)
Top of the 7th over - 0 runs, 1 hit, 0 errors, 3 left on base; Staten Island 7 - Lowell 1
BOTTOM OF THE 7TH
Lowell Spinners batting - Pitching for Staten Island Yankees : LHP Loo Lei
Pinch Hitting: RHB Dominique Paolozzi 0-0: Foul Ball, location: 2F
0-1: Ball
1-1: DOUBLE (Flyball, 8LXD, EV 98.1 MPH)
Batting: RHB Rogelio Cervantes 0-0: DOUBLE (Groundball, 5L, EV 106.2 MPH)
Dominique Paolozzi scores
Batting: RHB Aukukero Tairi 0-0: Ball
1-0: Fly out, F4 (Popup, 34S, EV 75.6 MPH)
Batting: RHB Curt Stallings 0-0: Called Strike
Rogelio Cervantes steals 3rd, throwing error, E2
Rogelio Cervantes scores
0-1: Ball
1-1: DOUBLE (Flyball, 89D, EV 96.2 MPH)
Batting: SHB Salvador Padilla 0-0: Fly out, F9 (Line Drive, 9LM, EV 88.8 MPH)
Batting: RHB Xavier Joslin 0-0: Foul Ball, location: 2F
0-1: Ball
1-1: SINGLE (Groundball, 4M, EV 95.0 MPH)
Curt Stallings to third
Runner from 3rd tries for Home, SAFE, throw by CF to home
Batting: RHB Raul Sanchez 0-0: Ball
1-0: Ball
2-0: Fly out, F8 (Line Drive, 8LM, EV 98.8 MPH)
Bottom of the 7th over - 3 runs, 4 hits, 1 error, 1 left on base; Staten Island 7 - Lowell 4
TOP OF THE 8TH
Staten Island Yankees batting - Pitching for Lowell Spinners : RHP Mike Goodwin
Now in RF: Mario Arriero
Batting: LHB Dario Segura 0-0: Swinging Strike
0-1: Foul Ball, location: 2F
0-2: Strikes out looking
Batting: RHB Pat Pemberton 0-0: Ball
1-0: Foul Ball, location: 2F
1-1: Ball
2-1: Ball
3-1: Called Strike
3-2: Foul Ball, location: 2F
3-2: Base on Balls
Batting: SHB Tadaaki Kondo 0-0: Called Strike
0-1: Swinging Strike
0-2: Ball
1-2: Ball
Wild Pitch!
Pat Pemberton to second
2-2: Foul Ball, location: 2F
2-2: Ground out 4-3 (Groundball, 4, EV 93.8 MPH)
Pat Pemberton to third
Batting: LHB Mike Schermerhorn 0-0: Called Strike
0-1: Foul Ball, location: 2F
0-2: Foul Ball, location: 2F
0-2: Foul Ball, location: 2F
0-2: Ball
1-2: Foul Ball, location: 2F
1-2: Foul Ball, location: 2F
1-2: Strikes out swinging
Top of the 8th over - 0 runs, 0 hits, 0 errors, 1 left on base; Staten Island 7 - Lowell 4
BOTTOM OF THE 8TH
Lowell Spinners batting - Pitching for Staten Island Yankees : LHP Loo Lei
Pitching: RHP Nate LaCava
Batting: RHB Willie Camacho 0-0: Ball
1-0: Called Strike
1-1: Ball
2-1: Called Strike
2-2: Strikes out swinging
Batting: RHB Jose Molina 0-0: Ball
1-0: Foul Ball, location: 2F
1-1: Foul Ball, location: 2F
1-2: Ball
2-2: Ground out 4-3 (Groundball, 4, EV 104.4 MPH)
Batting: RHB Mario Arriero 0-0: Called Strike
0-1: Ball
1-1: SINGLE (Groundball, 56D, EV 104.4 MPH)
Batting: RHB Rogelio Cervantes 0-0: Ball
1-0: Ground out 4-3 (Groundball, 34, EV 88.8 MPH)
Bottom of the 8th over - 0 runs, 1 hit, 0 errors, 1 left on base; Staten Island 7 - Lowell 4
TOP OF THE 9TH
Staten Island Yankees batting - Pitching for Lowell Spinners : RHP Mike Goodwin
Batting: SHB Adam Slade 0-0: Ball
1-0: Called Strike
1-1: Foul Ball, location: 2F
1-2: Foul Ball, location: 2F
1-2: Ball
2-2: Ball
3-2: Fly out, F8 (Flyball, 8RXD, EV 100.6 MPH)
Batting: RHB Edite Leoni 0-0: Called Strike
0-1: Foul Ball, location: 2F
0-2: SINGLE (Groundball, 4D, EV 101.9 MPH)
Batting: LHB Danny de Leon 0-0: Ball
1-0: Ball
2-0: Called Strike
2-1: Called Strike
2-2: Foul Ball, location: 2F
2-2: Foul Ball, location: 2F
2-2: Strikes out swinging
Pitching: RHP Armando Berrios
Batting: RHB Jesus Ruiz 0-0: Called Strike
0-1: Foul Ball, location: 2F
0-2: Ground out 6-3 (Groundball, 6MS, EV 93.8 MPH)
Top of the 9th over - 0 runs, 1 hit, 0 errors, 1 left on base; Staten Island 7 - Lowell 4
BOTTOM OF THE 9TH
Lowell Spinners batting - Pitching for Staten Island Yankees : RHP Nate LaCava
Batting: RHB Aukukero Tairi 0-0: SINGLE (Groundball, 4S, EV 60.6 MPH) (infield hit)
Batting: RHB Curt Stallings 0-0: Ball
1-0: Foul Ball, location: 2F
1-1: Ball
2-1: Ball
3-1: Base on Balls
Aukukero Tairi to second
Pitching: RHP Kenny Samuels
Batting: SHB Salvador Padilla 0-0: Called Strike
0-1: Foul Ball, location: 2F
0-2: Ball
1-2: Strikes out swinging
Batting: RHB Xavier Joslin 0-0: Ball
1-0: Ball
2-0: Foul Ball, location: 2F
2-1: Ball
3-1: Foul Ball, location: 2F
3-2: Base on Balls
Aukukero Tairi to third
Curt Stallings to second
Batting: RHB Raul Sanchez 0-0: Called Strike
0-1: SINGLE (Line Drive, 78M, EV 85.0 MPH)
Aukukero Tairi scores
Curt Stallings to third
Xavier Joslin to second
Pinch Hitting: LHB Nelis Geurts 0-0: Called Strike
0-1: Ball
1-1: Ball
2-1: Ball
3-1: Base on Balls
Curt Stallings scores
Xavier Joslin to third
Raul Sanchez to second
Batting: RHB Jose Molina 0-0: Called Strike
0-1: Ball
Wild Pitch!
Xavier Joslin scores
Raul Sanchez to third
Nelis Geurts to second
1-1: Ball
2-1: SINGLE (Groundball, 6MD, EV 104.4 MPH)
Raul Sanchez scores
Bottom of the 9th over - 4 runs, 3 hits, 0 errors, 2 left on base; Staten Island 7 - Lowell 8
Tuesday, March 28th , 2023 - OOTP Baseball 23.10 Build 110